 Dungeon Crawl Stone Soup version 0.31.0-32-g396128a36d (webtiles) character file.

Game seed: 1354870657046776752

2495 Fractals the Firebug (level 9, -14/83 HPs)
             Began as an Oni Fire Elementalist on Apr 12, 2024.
             Was a Priest of Cheibriados.
             Killed by the air
             ... invoked by Gastronok
              (25 damage)
             ... on level 8 of the Dungeon on Apr 13, 2024.
             The game lasted 00:27:58 (8330 turns).

Fractals the Firebug (Oni Fire Elementalist)        Turns: 8330, Time: 00:27:58

Health: -14/83     AC:  8    Str: 21    XL:     9   Next: 52%
Magic:  0/17       EV: 16    Int: 25    God:    Cheibriados [***...]
Gold:   517        SH:  0    Dex: 18    Spells: 9/19 levels left

rFire   + + .        y - staff of fire
rCold   . . .        (no shield)
rNeg    . . .        l - +2 robe
rPois   .            x - +1 hat
rElec   .            b - +1 cloak
rCorr   .            (gloves unavailable)
SInv    .            (boots unavailable)
Will    .....        i - amulet of guardian spirit
Stlth   +++          f - ring of protection from fire
HPRegen 0.33/turn    m - +5 ring of evasion
MPRegen 0.15/turn

%: guardian spirit
@: slowed, studying Staves, invisible, very slow
A: large, unfitting armour, horns 1, tough skin 1, double potion healing,
drunken brawling
a: Renounce Religion, Bend Time, Temporal Distortion


You were on level 8 of the Dungeon.
You worshipped Cheibriados.
Cheibriados was most pleased with you.
You visited 2 branches of the dungeon, and saw 9 of its levels.

You collected 517 gold pieces.

Inventory:

Armour
 b - a +1 cloak (worn)
 l - a +2 robe (worn)
 x - a +1 hat (worn)
Magical Staves
 y - a staff of fire (weapon)
 A - a staff of death
Jewellery
 f - a ring of protection from fire (left hand)
 i - an amulet of guardian spirit (around neck)
 m - a +5 ring of evasion (right hand)
 z - a ring of ice
Wands
 v - a wand of charming (5)
Scrolls
 c - a scroll of torment {unknown}
 d - 3 scrolls of identify
 e - a scroll of fog
 h - 2 scrolls of fear
 j - 5 scrolls of teleportation
 k - a scroll of amnesia {unknown}
 o - a scroll of poison {unknown}
 q - 2 scrolls of revelation
Potions
 g - 5 potions of curing
 n - 2 potions of berserk rage
 p - a potion of invisibility
 s - a potion of resistance
 u - a potion of lignification {unknown}
 w - a potion of mutation {unknown}
 B - a potion of haste {unknown}
 C - a potion of magic


   Skills:
 - Level 3.5 Fighting
 - Level 3.0 Dodging
 - Level 4.0 Stealth
 + Level 5.9 Spellcasting
 - Level 5.0 Conjurations
 + Level 2.0 Translocations
 - Level 6.0 Fire Magic
 - Level 5.0 Invocations
 - Level 2.0 Evocations


You had 9 spell levels left.
You knew the following spells:

 Your Spells              Type           Power      Damage    Failure   Level
a - Foxfire               Conj/Fire      100%       2x1d9     1%          1
b - Scorch                Fire           100%       2d9       1%          2
c - Flame Wave            Conj/Fire      51%        2d13      8%          4
d - Volatile Blastmotes   Fire/Tloc      82%        2d16      4%          3

Your spell library contained the following spells:

 Spells                   Type           Power      Damage    Failure   Level
 Apportation              Tloc           34%        N/A       3%          1
 Inner Flame              Hex/Fire       33%        N/A       7%          3
 Slow                     Hex            28%        N/A       8%          1
 Cigotuvi's Dreadful Rot  Necr/Alch/Air  14%        N/A       12%         2
 Jinxbite                 Hex            14%        N/A       12%         2
 Confusing Touch          Hex            7%         N/A       22%         3
 Fugue of the Fallen      Necr           7%         N/A       22%         3
 Ozocubu's Armour         Ice            7%         N/A       22%         3
 Sigil of Binding         Hex            7%         N/A       22%         3
 Vampiric Draining        Necr           7%         2d6       22%         3
 Manifold Assault         Tloc           17%        N/A       32%         4
 Dispel Undead            Necr           7%         3d8       58%         4
 Martyr's Knell           Necr/Summ      7%         N/A       58%         4
 Olgreb's Toxic Radiance  Alch           7%         N/A       58%         4
 Alistair's Intoxication  Alch           4%         N/A       91%         5
 Death Channel            Necr           3%         N/A       100%        6
 Ozocubu's Refrigeration  Ice            3%         4d8       100%        7
 Discord                  Hex            3%         N/A       100%        8


Dungeon Overview and Level Annotations

Branches:
Dungeon (8/15)             Temple (1/1) D:4
   Lair: D:8-11

Altars:
Cheibriados
Elyvilon
Fedhas
Gozag
Kikubaaqudgha
Makhleb
Nemelex Xobeh
Okawaru
Qazlal
Ru
Sif Muna
Trog
Uskayaw
Vehumet
Xom
Zin

Annotations:
D:6 Prince Ribbit
D:8 Gastronok


Innate Abilities, Weirdness & Mutations

You are too large for most types of armour.
You have a pair of small horns on your head.
You have tough skin. (AC +1)
You gain doubled healing and magic from potions.
Whenever you drink a healing potion, you attack all around you.


Message History

You feel a surge of power!
You conjure some foxfire!
Gastronok chants a spell, wobbling all the while.
Unknown command.
The rat squeaks loudly.
You hit Gastronok but do no damage. You headbutt Gastronok.
Gastronok is severely wounded.
The foxfire hits the quokka!
You kill the quokka!
The quokka's corpse disappears in a puff of smoke!
The foxfire hits Gastronok.
Gastronok is almost dead.
You feel a sudden, passing aversion to salt.
The rat squeaks loudly.
You hit Gastronok but do no damage. You headbutt Gastronok.
Gastronok is almost dead.
The rat bites you but does no damage. The rat misses you.
Gastronok mumbles some strange words.
Gastronok puts on a burst of speed!
Unknown command.
You hit Gastronok.
Gastronok is almost dead.
Gastronok bites you!!
* * * LOW HITPOINT WARNING * * *
Unknown command.
You hit Gastronok but do no damage.
Gastronok is almost dead.
Gastronok waves his eye-stalks in wide circles.
* * * LOW HITPOINT WARNING * * *
Unknown command.
You closely miss the rat. Your headbutt misses the rat. The rat misses you.
Gastronok looks at you and mumbles some strange words.
You feel as though you will be slow longer.
The rat misses you. The rat misses you.
Gastronok gurgles, "I bet you'll be tasty."
Unknown command.
The rat misses you.
Gastronok waves his eye-stalks in wide circles.
You die...
Gastronok gurgles, "Let's see if you taste as good as that wizard did."

....)).# ....
.......# ##. ...
....<..# #.. ..
.......# #.. .#
.......# ###.. ##.#
# .......# #...
####..# #. #.....##
#..####....## #.#
#######
#####....).....#
#..#
#####..wr@...####..#
#...# ####
..$.....######
##.##....# #..#
######### #...>..#
.### #..## ##.....#
## ##..## #.....# #
#...## ##....##
#....## #....##
##.....## #....###
##### ##.......#
###......#


You could see Gastronok (swift) and a rat (summoned, unable to see you).

Vanquished Creatures
  A yak (D:8)
  2 water moccasins (D:7)
  4 ice beasts
  2 sky beasts
  2 black bears (D:7)
  3 ogres
  A centaur (D:5)
  2 phantoms
  A scorpion (D:7)
  4 wights (D:7)
  2 howler monkeys (D:7)
  4 hounds
  A jelly (D:8)
  A bombardier beetle (D:4)
  A sleepcap (D:5)
  Jessica (D:2)
  Natasha (D:2)
  5 orc wizards
  4 gnolls (D:3)
  7 adders
  A shadow imp (D:4)
  10 ufetubi
  2 dart slugs
  2 ribbon worms
  8 orcs
  7 ball pythons
  An endoplasm (D:1)
  4 giant cockroaches
  5 goblins
  3 hobgoblins
  3 jackals (D:5)
  2 quokkas
  2 bats
  4 kobolds
  4 rats
107 creatures vanquished.

Vanquished Creatures (others)
  207 foxfires
207 creatures vanquished.

Grand Total: 314 creatures vanquished

Notes
Turn   | Place    | Note
-------+----------+-------------------------------------------
     0 | D:1      | Fractals the Oni Fire Elementalist began the quest for the
                  | Orb.
     0 | D:1      | Reached XP level 1. HP: 16/16 MP: 3/3
    81 | D:1      | Reached skill level 1 in Fighting
   186 | D:1      | Reached XP level 2. HP: 26/27 MP: 3/5
   549 | D:2      | Learned a level 2 spell: Scorch
   553 | D:2      | Noticed Jessica
  1109 | D:2      | Killed Jessica
  1110 | D:2      | Reached XP level 3. HP: 35/35 MP: 2/7
  1226 | D:2      | Reached XP level 4. HP: 38/42 MP: 2/8
  1566 | D:2      | Noticed Natasha
  1573 | D:2      | Killed Natasha
  2134 | D:3      | Reached XP level 5. HP: 49/49 MP: 7/10
  2452 | D:3      | Reached skill level 3 in Fire Magic
  2997 | D:4      | Found a staircase to the Ecumenical Temple.
  3006 | Temple   | Entered the Ecumenical Temple
  3021 | Temple   | Became a worshipper of Cheibriados the Contemplative
  3070 | D:4      | Noticed an ogre
  3087 | D:4      | Killed an ogre
  3088 | D:4      | Reached skill level 5 in Spellcasting
  3088 | D:4      | Reached XP level 6. HP: 57/57 MP: 7/13
  3342 | D:4      | Reached skill level 1 in Conjurations
  3485 | D:4      | Noticed a sky beast
  3496 | D:4      | Killed a sky beast
  3912 | D:4      | Reached XP level 7. HP: 64/65 MP: 14/14
  4350 | D:5      | Entered Level 5 of the Dungeon
  4443 | D:5      | Reached * piety under Cheibriados
  4739 | D:4      | Reached skill level 1 in Invocations
  4897 | D:5      | Reached skill level 4 in Fire Magic
  4993 | D:5      | Learned a level 4 spell: Flame Wave
  5029 | D:5      | Reached XP level 8. HP: 49/72 MP: 4/15
  5895 | D:6      | Noticed Prince Ribbit
  5986 | D:6      | Reached skill level 1 in Evocations
  5989 | D:6      | Reached ** piety under Cheibriados
  6009 | D:6      | Reached skill level 5 in Invocations
  6164 | D:6      | Found an opulent altar of Gozag.
  6558 | D:7      | Learned a level 3 spell: Volatile Blastmotes
  6828 | D:7      | Reached skill level 5 in Fire Magic
  6844 | D:7      | Reached skill level 1 in Translocations
  6844 | D:7      | Reached XP level 9. HP: 45/79 MP: 2/17
  7631 | D:8      | Reached *** piety under Cheibriados
  7809 | D:8      | Reached skill level 5 in Conjurations
  8213 | D:8      | Reached skill level 6 in Fire Magic
  8294 | D:8      | Noticed Gastronok
  8330 | D:8      | Killed from afar by Gastronok

Illustrated notes

Levels and vault maps discovered:
D:1:      matt_arrival_grand_opening, layout_rooms
D:2:      kb_forest_paths, layout_basic, grunt_decor_arrowhead, chequers_jeans,
          uniq_natasha, uniq_jessica
D:3:      layout_rooms
D:4:      minmay_razor_zed, layout_basic, minmay_temple_entry_waves,
          serial_library, serial_library_hellmonk_hallway_a,
          serial_library_hellmonk_hallway_a,
          serial_library_hellmonk_statue_hall,
          serial_library_hellmonk_metal_room, serial_library_hellmonk_hallway_b,
          serial_library_hellmonk_angled_corner,
          serial_library_hellmonk_junction
D:5:      layout_basic, minivault_23
D:6:      layout_rooms, nicolae_gozag_cash_rules_everything_around_me,
          patterned_corridor, uniq_prince_ribbit1
D:7:      layout_basic, small_statue_intersection
D:8:      layout_cave_pods, gammafunk_temple_overflow_pools, uniq_gastronok
Temple:   bh_familiar_temple

Skill      XL: |  1  2  3  4  5  6  7  8  9 |
---------------+----------------------------+-----
Fighting       | 1 2 3 |  3.5
Stealth        | 2 3 4 |  4.0
Spellcasting   | 3 5 |  5.9
Fire Magic     | 3 4 5 6 |  6.0
Dodging        | 2 3 |  3.0
Conjurations   | 2 3 4 5 |  5.0
Invocations    | 2 5 |  5.0
Evocations     | 2 |  2.0
Translocations | 1 2 |  2.0

Action                     |  1- 3 |  4- 6 |  7- 9 || total
---------------------------+-------+-------+-------++-------
  Melee: Unarmed           |     8 |       |       ||     8
         Headbutt          |     5 |    11 |    49 ||    65
         Hand axe          |    38 |    19 |       ||    57
         Dagger            |       |    49 |   111 ||   160
         Punch             |       |     1 |     2 ||     3
         Staff             |       |       |    78 ||    78
   Cast: Foxfire           |    18 |    30 |    62 ||   110
         Scorch            |     3 |    10 |    26 ||    39
         Flame Wave        |       |       |     2 ||     2
         Volatile Blastmot |       |       |     1 ||     1
 Invoke: Bend Time         |       |       |     1 ||     1
    Use: Scroll            |       |     4 |     8 ||    12
         Potion            |       |     1 |     6 ||     7
   Stab: Sleeping          |     1 |     2 |     1 ||     4
 Armour: Robe              |    39 |    66 |   204 ||   309
  Dodge: Dodged            |    29 |    52 |   185 ||   266
